 Dungeon Crawl Stone Soup version 0.25.1-2-g60ff931df9 (webtiles) character file.

Game seed: 11743719900223125399

13295 protoss039 the Eclecticist (level 11, -5/61 HPs)
             Began as a Deep Elf Earth Elementalist on Aug 23, 2020.
             Was a Priest of Sif Muna.
             Killed by divine providence
             ... invoked by a meliai
              (12 damage)
             ... on level 14 of the Dungeon.
             The game lasted 00:39:18 (14599 turns).

protoss039 the Eclecticist (DEEE)                  Turns: 14599, Time: 00:39:19

Health: -5/61      AC:  6    Str:  5    XL:     11   Next: 73%
Magic:  14/32      EV: 17    Int: 24    God:    Sif Muna [***...]
Gold:   495        SH:  0    Dex: 15    Spells: 25/40 levels left

rFire    + . .     SeeInvis .   D - +4 dagger
rCold    . . .     Gourm    .   (no shield)
rNeg     . . .     Faith    .   c - +0 robe
rPois    .         Spirit   .   x - +0 helmet
rElec    .         Reflect  .   z - +0 cloak
rCorr    .         Harm     .   F - +0 pair of gloves
MR       +....                  G - +0 pair of boots
Stlth    ++........             u - amulet of the acrobat
HPRegen  0.20/turn              o - ring of protection from fire
MPRegen  0.23/turn              L - +4 ring of evasion

@: lethally poisoned (-5 -> -18)
A: no striking features
a: Channel Magic, Forget Spell, Renounce Religion


You were on level 14 of the Dungeon.
You worshipped Sif Muna.
Sif Muna was most pleased with you.
You were near starving.

You visited 2 branches of the dungeon, and saw 14 of its levels.

You collected 495 gold pieces.

Inventory:

Hand Weapons
 D - a +4 dagger (weapon)
Missiles
 b - 184 stones (quivered)
Armour
 c - a +0 robe (worn)
 x - a +0 helmet (worn)
 z - a +0 cloak (worn)
 F - a +0 pair of gloves (worn)
 G - a +0 pair of boots (worn)
Jewellery
 f - a cursed ring of ice
 o - a ring of protection from fire (left hand)
 u - an amulet of the acrobat (around neck)
 L - a +4 ring of evasion (right hand)
 N - an uncursed ring of positive energy
Wands
 r - a wand of acid (28)
 A - a wand of disintegration (8)
 J - a wand of random effects (5)
 K - a wand of iceblast (10)
 M - a wand of enslavement (6)
Scrolls
 e - a scroll of blinking
 g - 5 scrolls of remove curse {unknown}
 k - 2 scrolls of teleportation
 m - 2 scrolls of amnesia
 q - 2 scrolls of fear
 y - 2 scrolls of enchant weapon
 C - a scroll of magic mapping
Potions
 a - a potion of haste {unknown}
 h - 6 potions of might
 i - 6 potions of curing {unknown}
 j - 2 potions of mutation {unknown}
 l - a potion of heal wounds {unknown}
 n - a potion of ambrosia {unknown}
 p - 2 potions of degeneration {unknown}
 s - 2 potions of brilliance {unknown}
 t - a potion of magic {unknown}
 w - 4 potions of lignification {unknown}
 E - a potion of stabbing {unknown}
 I - a potion of invisibility {unknown}
Comestibles
 d - 22 rations


   Skills:
 * Level 4.2 Fighting
 - Level 3.0 Dodging
 - Level 3.0 Stealth
 + Level 15.0 Spellcasting
 + Level 5.1 Conjurations
 * Level 1.6 Transmutations
 + Level 12.6 Earth Magic
 * Level 5.9 Invocations


You had 25 spell levels left.
You knew the following spells:

 Your Spells              Type           Power        Failure   Level  Hunger
a - Sandblast             Erth           ######       1%          1    None
b - Passwall              Tmut/Erth      ######..     1%          2    None
c - Stone Arrow           Conj/Erth      ######       1%          3    None
d - Petrify               Tmut/Erth      ######..     1%          4    None
e - Lee's Rapid Deconstr  Erth           ######....   1%          5    ##.....

Your spell library contained the following spells:

 Spells                   Type           Power        Failure   Level  Hunger
 Animate Skeleton         Necr           N/A          3%          1    None
 Apportation              Tloc           ###...       3%          1    None
 Corona                   Hex            ###....      3%          1    None
 Summon Small Mammal      Summ           ###.         3%          1    None
 Gell's Gravitas          Tloc           ###.......   10%         3    None
 Iskenderun's Mystic Bla  Conj/Tloc      ####....     11%         4    None


Dungeon Overview and Level Annotations

Branches:
Dungeon (14/15)            Temple (1/1) D:7            Lair (0/6) D:8
    Orc: D:9-12      Vaults: D:13-14

Altars:
Ashenzari
Cheibriados
Dithmenos
Elyvilon
Fedhas
Gozag
Hepliaklqana
Kikubaaqudgha
Makhleb
Nemelex Xobeh
Okawaru
Qazlal
Ru
Sif Muna
Trog
Uskayaw
Vehumet
Wu Jian
Xom
Yredelemnul
Zin
The Shining One

Portals:
Trove: D:14 (give +2 gold dragon scales)

Annotations:
D:6 1 exclusion
D:14 1 exclusion


Message History

Something smites you!
* * * LOW HITPOINT WARNING * * *
Unknown command.
Unknown command.
Casting: Sandblast (safe; 1% risk of failure)
Confirm with . or Enter, or press ? or * to list all spells.
Aiming: Lee's Rapid Deconstruction (dangerous; 1% risk of failure)
Press: ? - help, Dir - move target cursor, p - meliai A rock wall.
The wall shatters!
The blast of rock fragments hits the meliai!!
The meliai is almost dead.
You feel sick.
You hear a shout!
The meliai hits you with a +0 hand axe!
* * * LOW HITPOINT WARNING * * *
The meliai completely misses you.
The meliai mumbles some strange prayers to its god against you.
Something smites you!
You die...

##...## #.#
#.....# #.#
##...## #.#
...#####.######.#
................#
...#####.########
#)# #)# #@# #y#
#####.# #.....#
#.##..# #.##((##
#...(..##
##.......#
..........##


You could see a meliai.

Vanquished Creatures
  3 hydras
  2 two-headed ogres
  2 death yaks (D:8)
  3 hippogriffs
  3 yaks (D:8)
  A wyvern (D:9)
  Eustachio (D:6)
  A human (D:7)
  2 hungry ghosts (D:7)
  4 hogs (D:7)
  3 vampire mosquitoes (D:14)
  Menkaure (D:6)
  2 water moccasins
  5 sky beasts
  4 ice beasts
  7 orc warriors
  3 phantoms
  2 black bears
  A centaur (D:10)
  6 ogres
  A crocodile (D:8)
  2 big kobolds
  8 bullfrogs
  A wyvern skeleton (D:8)
  3 scorpions
  5 wights (D:7)
  7 killer bees (D:10)
  A howler monkey (D:5)
  2 electric eels (D:6)
  2 bullfrog zombies
  3 crimson imps
  2 centaur zombies
  2 quasits
  A bullfrog skeleton (D:10)
  2 jellies
  10 orc wizards
  11 orc priests
  5 hounds
  A centaur skeleton (D:4)
  2 iguanas
  Ijyb (D:3)
  4 worker ants
  A killer bee zombie (D:6)
  A hound zombie (D:8)
  2 hound skeletons
  A howler monkey zombie (D:10)
  A worker ant zombie (D:5)
  A gnoll (D:3)
  A howler monkey skeleton (D:7)
  14 adders
  3 shadow imps
  3 oozes
  An adder zombie (D:5)
  2 adder skeletons
  A worm (D:2)
  2 dart slugs
  5 leopard geckos
  50 orcs
  4 giant cockroaches
  11 goblins
  8 hobgoblins
  14 jackals
  6 quokkas
  A ball python (D:1)
  10 bats
  7 frilled lizards
  A jackal skeleton (D:6)
  A jackal zombie (D:5)
  18 kobolds
  A leopard gecko zombie (D:6)
  7 rats
310 creatures vanquished.

Notes
Turn   | Place    | Note
-------+----------+-------------------------------------------
     0 | D:1      | protoss039 the Deep Elf Earth Elementalist began the quest
                  | for the Orb.
     0 | D:1      | Reached XP level 1. HP: 10/10 MP: 6/6
   215 | D:1      | Reached XP level 2. HP: 15/15 MP: 6/8
  1134 | D:1      | Learned a level 2 spell: Passwall
  1237 | D:2      | Reached XP level 3. HP: 13/19 MP: 9/9
  1748 | D:2      | Reached skill level 4 in Spellcasting
  1796 | D:2      | Learned a level 3 spell: Stone Arrow
  1817 | D:3      | Reached XP level 4. HP: 24/24 MP: 9/12
  1856 | D:3      | Noticed Ijyb
  1860 | D:3      | Killed Ijyb
  2817 | D:3      | Reached skill level 5 in Spellcasting
  2898 | D:3      | Reached XP level 5. HP: 26/28 MP: 12/14
  2974 | D:3      | Reached skill level 5 in Earth Magic
  2981 | D:3      | Identified the Collected Works on Shifting Translocation
  2990 | D:3      | Learned a level 4 spell: Petrify
  3386 | D:4      | Noticed an ogre
  3391 | D:4      | Killed an ogre
  3391 | D:4      | Reached skill level 6 in Spellcasting
  3391 | D:4      | Reached XP level 6. HP: 32/32 MP: 10/17
  3441 | D:4      | Learned a level 5 spell: Lee's Rapid Deconstruction
  4112 | D:5      | Entered Level 5 of the Dungeon
  4288 | D:5      | Reached skill level 1 in Conjurations
  4466 | D:5      | Reached skill level 7 in Spellcasting
  4548 | D:5      | Reached XP level 7. HP: 36/36 MP: 8/19
  4922 | D:5      | Reached skill level 8 in Spellcasting
  5293 | D:5      | Found a shimmering altar of Xom.
  5885 | D:6      | Reached XP level 8. HP: 34/41 MP: 11/22
  6168 | D:6      | Reached skill level 9 in Spellcasting
  6224 | D:6      | Noticed Menkaure
  6227 | D:6      | Killed Menkaure
  6897 | D:6      | Reached skill level 10 in Spellcasting
  7030 | D:6      | Noticed Eustachio
  7040 | D:6      | Killed Eustachio
  7285 | D:7      | Noticed a hippogriff
  7433 | D:7      | Reached XP level 9. HP: 45/45 MP: 18/25
  7763 | D:7      | Reached skill level 11 in Spellcasting
  8229 | D:7      | Reached skill level 10 in Earth Magic
  8605 | D:7      | Reached skill level 12 in Spellcasting
  8810 | D:8      | Noticed a death yak
  8857 | D:7      | Found a staircase to the Ecumenical Temple.
  8877 | Temple   | Entered the Ecumenical Temple
  9002 | Temple   | Became a worshipper of Sif Muna the Loreminder
  9046 | D:7      | Reached skill level 1 in Invocations
  9048 | D:7      | Reached skill level 1 in Fighting
  9049 | D:7      | Reached XP level 10. HP: 52/52 MP: 11/28
  9153 | D:8      | Noticed a death yak
  9157 | D:8      | Noticed a death yak
  9712 | D:8      | Reached * piety under Sif Muna
  9793 | D:8      | Noticed a death yak
  9938 | D:8      | Found a staircase to the Lair.
  9938 | D:8      | Noticed a death yak
 10238 | D:8      | Reached skill level 13 in Spellcasting
 10415 | D:8      | Found a shattered altar of Ashenzari.
 10716 | D:8      | Killed a death yak
 11011 | D:8      | Killed a death yak
 11865 | D:9      | Reached XP level 11. HP: 60/60 MP: 25/30
 12030 | D:9      | Reached ** piety under Sif Muna
 12108 | D:9      | Found a bloodstained altar of Trog.
 12257 | D:9      | Noticed a two-headed ogre
 12259 | D:9      | Killed a two-headed ogre
 12259 | D:9      | Reached skill level 14 in Spellcasting
 12663 | D:10     | Entered Level 10 of the Dungeon
 12905 | D:10     | Noticed a two-headed ogre
 13039 | D:10     | Killed a two-headed ogre
 13039 | D:10     | Reached skill level 5 in Conjurations
 13039 | D:10     | Reached skill level 5 in Invocations
 13197 | D:10     | Noticed a four-headed hydra
 13208 | D:10     | Killed a four-headed hydra
 13632 | D:10     | Reached *** piety under Sif Muna
 14235 | D:11     | You fall into a shaft and drop 3 floors!
 14248 | D:13     | Noticed a four-headed hydra
 14316 | D:14     | Found a portal to a secret trove of treasure.
 14333 | D:14     | Noticed a six-headed hydra
 14340 | D:14     | Killed a six-headed hydra
 14341 | D:14     | Noticed a six-headed hydra
 14422 | D:14     | Killed a six-headed hydra
 14531 | D:14     | Reached skill level 15 in Spellcasting
 14599 | D:14     | Killed from afar by a meliai

Illustrated notes

Levels and vault maps discovered:
D:1:      mushboom_english_gardens, layout_loops_ring
D:2:      layout_rooms
D:3:      minmay_octagon_keep, layout_basic, uniq_ijyb
D:4:      layout_basic, first_ration
D:5:      layout_basic, xom_teletrap_fun
D:6:      wad_lake_hut, layout_basic, uniq_menkaure, uniq_eustachio
D:7:      layout_layer_cave, temple_hall, grunt_livestock
D:8:      layout_loops_ring, marbit_many_paths, dpeg_lair_monsters
D:9:      layout_loops_ring, trog_hazing_becter
D:10:     layout_roguey, due_unseen_surprise
D:11:     gammafunk_jiyva_shrine, layout_loops_ring, zombieorc1_lemuel,
          serial_glass, glass_columns_b, glass_columns_b, glass_columns_a,
          glass_columns_b
D:13:     layout_cave_pools, david_vaults_1
D:14:     layout_loops_corners, nicolae_trove_entry_diagonal, lemuel_tele_altar,
          portal_ice_cave_entry_pillars_2
Temple:   grunt_wide_crystal_templ

Skill      XL: |  1  2  3  4  5  6  7  8  9 10 11 |
---------------+----------------------------------+-----
Stealth        | 3 |  3.0
Dodging        | 3 |  3.0
Earth Magic    | 4 5 6 7 9 10 11 12 | 12.6
Spellcasting   | 4 5 6 7 8 10 12 13 15 | 15.0
Conjurations   | 1 2 3 4 5 |  5.1
Invocations    | 1 4 5 |  5.9
Fighting       | 1 3 4 |  4.2
Transmutations | |  1.6

Action                   |  1- 3 |  4- 6 |  7- 9 | 10-12 || total
-------------------------+-------+-------+-------+-------++-------
Melee: Unarmed           |     4 |       |       |       ||     4
       Dagger            |    77 |    31 |       |    25 ||   133
 Cast: Sandblast         |    34 |    60 |    52 |    90 ||   236
       Stone Arrow       |       |    14 |    79 |    65 ||   158
       Lee's Rapid Decon |       |       |    15 |    64 ||    79
       Petrify           |       |       |     1 |     9 ||    10
       Passwall          |       |       |       |     6 ||     6
Evoke: Wand              |       |       |       |    16 ||    16
  Use: Scroll            |       |     5 |     3 |     4 ||    12
 Stab: Sleeping          |     9 |     3 |       |       ||    12
  Eat: Chunk             |     3 |     8 |    13 |    19 ||    43
       Ration            |       |       |     1 |       ||     1
Armor: Robe              |    12 |     9 |     1 |    13 ||    35
Dodge: Dodged            |    69 |    35 |    17 |    53 ||   174
